 Dungeon Crawl Stone Soup version 0.26-a0-631-ged93497179 (webtiles) character file.

Game seed: 2991373833932834483

137 MarredHen the Bolt Thrower (level 5, 0/32 HPs)
             Began as a Kobold Hunter on Sept 12, 2020.
             Slain by Sigmund
             ... wielding a +0 scythe
              (9 damage)
             ... on level 2 of the Dungeon.
             The game lasted 00:11:07 (2402 turns).

MarredHen the Bolt Thrower (Kobold Hunter)          Turns: 2402, Time: 00:11:08

Health: 0/32       AC: 10    Str: 11    XL:     5   Next: 44%
Magic:  5/5        EV: 15    Int: 12    God:
Gold:   139        SH:  0    Dex: 15    Spells: 4/4 levels left

rFire    . . .     SeeInvis .   j - +3 short sword (protect)
rCold    . . .     Faith    .   (shield restricted)
rNeg     . . .     Spirit   .   c - +0 leather armour
rPois    .         Reflect  .   (no helmet)
rElec    .         Harm     .   (no cloak)
rCorr    .         Rampage  .   (no gloves)
MR       .....                  (no boots)
Stlth    +++.......             (no amulet)
HPRegen  0.10/turn              (no ring)
MPRegen  0.09/turn              (no ring)

@: protection aura
A: small, nightstalker 3
a: no special abilities


You were on level 2 of the Dungeon.
You visited 1 branch of the dungeon, and saw 2 of its levels.

You collected 139 gold pieces.

Inventory:

Hand Weapons
 a - a +1 hand crossbow
 j - a +3 short sword of protection (weapon)
Missiles
 d - 21 bolts
Armour
 c - a +0 leather armour (worn)
Scrolls
 b - a scroll of remove curse
 g - 2 scrolls of identify
 h - a scroll of fear
 i - 3 scrolls of teleportation
Potions
 e - a potion of curing


   Skills:
 + Level 2.8 Fighting
 + Level 0.3 Short Blades
 + Level 6.5 Crossbows
 + Level 1.4 Armour
 + Level 2.7 Dodging
 + Level 2.0 Stealth


You had 4 spell levels left.
You didn't know any spells.
Your spell library was empty.

Dungeon Overview and Level Annotations

Branches:
Dungeon (2/15)

Altars:

Annotations:
D:2 Sigmund


Innate Abilities, Weirdness & Mutations

You are small and have problems with some larger weapons.
You are completely attuned to the shadows.


Message History

The puff of flame hits you.
You puncture something!
You hear some strange, mumbled words.
A puff of flame appears from out of thin air!
The puff of flame hits you!
You hit something.
You hear a zap.
A puff of flame appears from out of thin air!
The puff of flame misses you.
You barely miss something.
You hear some strange, mumbled words.
A magic dart appears from out of thin air!
The magic dart hits you.
You barely miss something. Something hits you!
* * * LOW HITPOINT WARNING * * *
You hit something. Something hits you but does no damage.
You feel better. Something hits you but does no damage.
You closely miss something. You barely miss something. Something hits you!
You die...

###.................
#........ #.........
#.###..#. #.......#
#.# #.# #......##
#.# .. #.#...## #.#
# #.##'## #.#
.##.##.##.#
#.###........##.##
#..@{s....###....#
#####.### #....## #
#.....## #.......
#....### ....#.#
##....# ######


You could see a giant cockroach.

Vanquished Creatures
  Natasha (thrice) (D:2)
  Terence (D:2)
  An adder (D:1)
  A dart slug (D:2)
  A ball python (D:1)
  A giant cockroach (D:2)
  3 goblins (D:2)
  6 hobgoblins
  2 jackals (D:1)
  2 kobolds
  4 bats
  2 frilled lizards (D:2)
  6 rats
33 creatures vanquished.

Notes
Turn   | Place    | Note
-------+----------+-------------------------------------------
     0 | D:1      | MarredHen the Kobold Hunter began the quest for the Orb.
     0 | D:1      | Reached XP level 1. HP: 12/12 MP: 1/1
   235 | D:1      | Reached skill level 5 in Crossbows
   577 | D:1      | Reached XP level 2. HP: 16/18 MP: 2/2
  1149 | D:2      | Noticed Terence
  1159 | D:2      | Killed Terence
  1159 | D:2      | Reached XP level 3. HP: 4/22 MP: 3/3
  1460 | D:1      | Reached skill level 1 in Armour
  1460 | D:1      | Reached XP level 4. HP: 7/27 MP: 4/4
  1893 | D:2      | Noticed Natasha
  1896 | D:2      | Killed Natasha
  1896 | D:2      | Reached skill level 6 in Crossbows
  2039 | D:2      | Noticed Natasha
  2044 | D:2      | Killed Natasha
  2044 | D:2      | Reached XP level 5. HP: 24/32 MP: 5/5
  2087 | D:2      | Noticed Natasha
  2097 | D:2      | Killed Natasha
  2386 | D:2      | Noticed Sigmund
  2402 | D:2      | Slain by Sigmund

Illustrated notes

Levels and vault maps discovered:
D:1:      dpeg_arrival_short_road, layout_loops_corners
D:2:      layout_loops_corners, old_standard_altar, minmay_diced_spiral,
          uniq_terence, uniq_natasha, uniq_sigmund

Skill      XL: |  1  2  3  4  5 |
---------------+----------------+-----
Crossbows      | 5 6 |  6.5
Armour         | 1 |  1.4
Stealth        | 2 |  2.0
Fighting       | |  2.8
Short Blades   | |  0.3
Dodging        | |  2.7

Action                   |  1- 3 |  4- 6 || total
-------------------------+-------+-------++-------
Melee: Short sword       |     4 |    20 ||    24
 Fire: Hand crossbow     |    43 |    22 ||    65
  Use: Scroll            |     3 |     3 ||     6
       Potion            |       |     1 ||     1
 Stab: Sleeping          |       |     3 ||     3
Armor: Leather armour    |     1 |     4 ||     5
Dodge: Dodged            |    27 |    10 ||    37

Table legend: (Time is in decaauts)
 A = Elapsed time spent in this place.
 B = Non-inter-level travel time spent in this place.
 C = Inter-level travel time spent in this place.
 D = Time resting spent in this place.
 E = Time spent auto-exploring this place.
 F = Levels seen in this place.
 G = Mean time per level.
                   A        B        C        D        E       F      G
               +--------+--------+--------+--------+--------+-----+--------+
         Total |   2426 |   2384 |     42 |    100 |   1888 |   2 | 1213.0 |
       Dungeon |   2426 |   2384 |     42 |    100 |   1888 |   2 | 1213.0 |
               +--------+--------+--------+--------+--------+-----+--------+

Top non-repeatable levels by time:
     D:1: 1365 daAuts
     D:2: 1061 daAuts
